cohdb
Replays
Latest Replays
All Replays
Popular Replays
Top Player Replays
Match Explorer
How It Works
Community
CoH3 Stats
Reddit
Sign in to upload your games and track your stats! →
Sign in with Steam
Match 45836825
Unlisted
Match 45836825
Overview
Messages
Build Orders
End
Construct Infanterie Kompanie
Selects Breakthrough Battlegroup
Grenadier Squad
Grenadier Squad
MG 42 Machine Gun Team
Grenadier Squad
Construct Panzergrenadier Kompanie
Pak 40 Anti-tank Gun Team
Selects Assault Grenadiers
Panzergrenadier Squad
Selects Breakthrough
MG 42 Machine Gun Team
251 Medium Carrier
Panzergrenadier Squad
SiaNKs
Thank You Chef
0
0
Comments
sign in to comment!
No comments posted yet!